 Dungeon Crawl Stone Soup version 0.29.1-1-gd02db6906a (webtiles) character file.

Game seed: 11143610313756278532

1947 LabCoat the Cleaver (level 9, -4/78 HPs)
             Began as a Hill Orc Fighter on Sept 23, 2022.
             Was a Believer of Trog.
             Slain by an orc warrior
             ... wielding a +0 battleaxe
              (11 damage)
             ... while paralysed by Grinder
             ... on level 6 of the Dungeon.
             The game lasted 00:15:51 (6056 turns).

LabCoat the Cleaver (Hill Orc Fighter)              Turns: 6056, Time: 00:15:52

Health: -4/78      AC: 12    Str: 23    XL:     9   Next: 18%
Magic:  9/9        EV:  2    Int:  8    God:    Trog [**....]
Gold:   490        SH:  0    Dex: 10    Spells: 8/8 levels left

rFire   . . .      SeeInvis .   a - +1 war axe
rCold   + . .      Faith    .   c - +0 buckler
rNeg    . . .      Spirit   .   p - +0 chain mail
rPois   .          Reflect  .   (no helmet)
rElec   .          Harm     .   (no cloak)
rCorr   .          Rampage  .   y - +0 pair of gloves
Will    .....                   j - +0 pair of boots
Stlth   ..........              s - amulet of the acrobat
HPRegen 0.23/turn               e - +4 ring of evasion
MPRegen 0.11/turn               h - ring of protection from cold

@: paralysed, on berserk cooldown, slowed
A: no striking features
a: Renounce Religion, Berserk, Trog's Hand


You were on level 6 of the Dungeon.
You worshipped Trog.
Trog was pleased with you.
You visited 1 branch of the dungeon, and saw 6 of its levels.
You also visited: Ossuary.

You collected 490 gold pieces.

Inventory:

Hand Weapons
 a - a +1 war axe (weapon)
Missiles
 k - 8 poisoned darts (quivered)
Armour
 c - a +0 buckler (worn)
 j - a +0 pair of boots (worn)
 p - a +0 chain mail (worn)
 y - a +0 pair of gloves (worn)
Jewellery
 e - a +4 ring of evasion (left hand)
 h - a ring of protection from cold (right hand)
 s - an amulet of the acrobat (around neck)
 t - a ring of resist corrosion
 w - a ring of resist corrosion
Wands
 q - a wand of iceblast (14)
Scrolls
 b - a scroll of vulnerability {unknown}
 f - a scroll of blinking
 l - 5 scrolls of teleportation
 m - 4 scrolls of immolation
 n - a scroll of enchant weapon
 r - a scroll of poison {unknown}
 u - a scroll of fear {unknown}
 z - a scroll of enchant armour {unknown}
Potions
 d - 6 potions of might
 g - 5 potions of curing
 i - a potion of flight
 o - 2 potions of berserk rage
 x - a potion of attraction {unknown}


   Skills:
 + Level 6.5 Fighting
 * Level 8.6 Axes
 + Level 3.8 Throwing
 + Level 5.8 Armour
 + Level 5.8 Shields
 + Level 4.0 Evocations


You had 8 spell levels left.
You didn't know any spells.
Your spell library was empty.

Dungeon Overview and Level Annotations

Branches:
Dungeon (6/15)            Ossuary (visited)
 Temple: D:4-7

Altars:
Trog
The Shining One

Annotations:
D:6 Grinder


Message History

You closely miss the orc.
The orc is heavily wounded.
An orc warrior comes into view. It is wielding a +0 battleaxe.
The orc completely misses you.
You slash the orc!
You kill the orc!
Trog accepts your kill.
You barely miss the orc warrior.
Grinder blinks!
You hit the orc warrior.
The orc warrior is lightly wounded.
The orc warrior closely misses you.
You barely miss the orc warrior.
The orc warrior is lightly wounded.
You block the orc warrior's attack.
You closely miss the orc warrior.
The orc warrior is lightly wounded.
The orc warrior hits you with a +0 battleaxe!
You slash the orc warrior!
The orc warrior is moderately wounded.
You hit the orc warrior but do no damage.
The orc warrior is moderately wounded.
The orc warrior hits you with a +0 battleaxe!
You completely miss the orc warrior.
The orc warrior is moderately wounded.
You are no longer berserk.
You are exhausted.
You feel yourself slow down.
The orc warrior hits you but does no damage.
You closely miss the orc warrior.
The orc warrior is moderately wounded.
Grinder gestures at you.
You suddenly lose the ability to move!
The orc warrior hits you with a +0 battleaxe!!
The orc warrior hits you with a +0 battleaxe!
* * * LOW HITPOINT WARNING * * *
Grinder blinks!
The orc warrior hits you with a +0 battleaxe!
* * * LOW HITPOINT WARNING * * *
The orc warrior hits you with a +0 battleaxe!
You die...

.... .... . ...####
## #. ........
#..##.#.#. #..ยง.....
#.....)## #.o@.###
#.##...# ##### #
#.#.#########....
#.#........##.###
#.#........##.###
#####.#.......(##...#
...............####.#
..............### #..
.........##.....###..


You could see an orc warrior.

Vanquished Creatures
  Eustachio (D:4)
  A water moccasin (D:5)
  An ice beast (D:6)
  A black bear (D:5)
  A centaur (D:6)
  A necrophage (D:5)
  12 scorpions
  A howler monkey (D:5)
  A jelly (D:5)
  4 hounds
  4 human zombies (Ossuary)
  A scorpion zombie (Ossuary)
  4 iguanas
  An orc wizard (D:4)
  3 mummies (Ossuary)
  3 adders (D:3)
  3 gnolls (D:5)
  A white imp (D:5)
  2 ufetubi (D:5)
  A worm (D:2)
  4 dart slugs
  12 orcs
  2 ball pythons (D:2)
  6 endoplasms
  10 goblins
  10 hobgoblins
  4 quokkas
  4 bats
  5 frilled lizards
  3 gnoll zombies (Ossuary)
  2 goblin zombies (Ossuary)
  2 hobgoblin zombies (Ossuary)
  8 kobolds
  3 kobold zombies (Ossuary)
  4 orc zombies (Ossuary)
  2 quokka zombies (D:4)
  A rat (D:2)
129 creatures vanquished.

Notes
Turn   | Place    | Note
-------+----------+-------------------------------------------
     0 | D:1      | LabCoat the Hill Orc Fighter began the quest for the Orb.
     0 | D:1      | Reached XP level 1. HP: 19/19 MP: 1/1
   539 | D:1      | Reached skill level 3 in Axes
   539 | D:1      | Reached XP level 2. HP: 27/27 MP: 2/2
  1548 | D:2      | Reached XP level 3. HP: 33/33 MP: 3/3
  2096 | D:2      | Found a faded altar of an unknown god.
  2149 | D:3      | Reached skill level 1 in Evocations
  2158 | D:3      | Noticed Grinder
  2164 | D:3      | Reached XP level 4. HP: 36/40 MP: 4/4
  2248 | D:3      | Found a bloodstained altar of Trog.
  2268 | D:3      | Reached skill level 1 in Throwing
  2279 | D:3      | Became a worshipper of Trog the Wrathful
  2345 | D:3      | Identified the +1 ring mail "Osiej" {Rampage Regen+ Int+3
                  | Stlth-}
  2577 | D:3      | Reached skill level 4 in Axes
  2976 | D:4      | Reached XP level 5. HP: 38/46 MP: 5/5
  3093 | D:4      | Found a sand-covered staircase.
  3100 | Ossuary  | Entered an ossuary
  3118 | Ossuary  | Reached XP level 6. HP: 36/53 MP: 6/6
  3272 | Ossuary  | Reached skill level 5 in Axes
  3286 | Ossuary  | Reached * piety under Trog
  3322 | Ossuary  | Reached XP level 7. HP: 42/60 MP: 7/7
  3486 | Ossuary  | Reached skill level 5 in Fighting
  3490 | Ossuary  | Reached skill level 6 in Axes
  3797 | Ossuary  | Reached XP level 8. HP: 60/69 MP: 8/8
  4144 | D:4      | Noticed Eustachio
  4182 | D:4      | Killed Eustachio
  4182 | D:4      | Reached ** piety under Trog
  4183 | D:4      | Reached skill level 7 in Axes
  4183 | D:4      | Reached skill level 5 in Armour
  4183 | D:4      | Reached skill level 5 in Shields
  4640 | D:5      | Entered Level 5 of the Dungeon
  5123 | D:5      | Found a glowing golden altar of the Shining One.
  5725 | D:5      | Reached skill level 8 in Axes
  5745 | D:5      | Reached XP level 9. HP: 75/75 MP: 9/9
  6053 | D:6      | Paralysed by Grinder for 5 turns
  6056 | D:6      | Slain by an orc warrior

Illustrated notes

Levels and vault maps discovered:
D:1:      saegor_arrival_simple_e, layout_basic, minivault_5
D:2:      layout_loops_cross, dilly_ecumenical_altar_fadedgnrine, st_stairs_13
D:3:      layout_basic, trog_hazing_becter, kennysheep_generic_room_13,
          uniq_grinder
D:4:      layout_loops_ring, enter_ossuary_4, st_stairs_2,
          hangedman_decor_diamond_cutter, uniq_eustachio
D:5:      minmay_bubble_buster, layout_loops_corners, amcnicky_altar_gilded
D:6:      layout_basic, kennysheep_orc_sif_temple, minmay_temple_entry_trees,
          minmay_manual_mess

Skill      XL: |  1  2  3  4  5  6  7  8  9 |
---------------+----------------------------+-----
Axes           | 3 4 5 6 8 |  8.6
Fighting       | 4 5 6 |  6.5
Evocations     | 1 2 3 4 |  4.0
Throwing       | 1 2 3 |  3.8
Armour         | 4 5 |  5.8
Shields        | 4 5 |  5.8

Action                   |  1- 3 |  4- 6 |  7- 9 || total
-------------------------+-------+-------+-------++-------
Melee: War axe           |    93 |   125 |   231 ||   449
Throw: Dart              |     3 |       |       ||     3
Invok: Berserk           |       |       |     1 ||     1
  Use: Scroll            |     5 |     4 |     6 ||    15
Armor: Scale mail        |    31 |    16 |       ||    47
       Chain mail        |       |    39 |   100 ||   139
Dodge: Dodged            |    46 |    96 |   140 ||   282
Block: Buckler           |    24 |    30 |    53 ||   107
